 Dungeon Crawl Stone Soup version 0.29-a0-819-g94b489e0ae (webtiles) character file.

Game seed: 10395007787653121668

3889 snarfax the Basher (level 9, 0/78 HPs)
             Began as a Demigod Fighter on July 6, 2022.
             Slain by a yak (14 damage)
             ... on level 9 of the Dungeon.
             The game lasted 00:13:13 (7271 turns).

snarfax the Basher (Demigod Fighter)                Turns: 7271, Time: 00:13:13

Health: 0/78       AC: 23    Str: 29    XL:     9   Next: 68%
Magic:  20/20      EV:  7    Int: 10    God:
Gold:   470        SH:  6    Dex: 15    Spells: 8/8 levels left

rFire   . . .      SeeInvis .   a - +0 flail
rCold   . . .      Faith    .   c - +1 buckler
rNeg    . . .      Spirit   .   i - +10 plate armour of the Vacuum {Harm Fly Dex+2}
rPois   .          Reflect  .   (no helmet)
rElec   .          Harm     +   (no cloak)
rCorr   .          Rampage  .   (no gloves)
Will    .....                   (no boots)
Stlth   ..........              (no amulet)
HPRegen 0.23/turn               k - +4 ring of slaying
MPRegen 0.17/turn               w - ring of magical power

@: mighty, flying
A: high MP 1, forlorn, divine attributes
a: no special abilities


You were on level 9 of the Dungeon.
You visited 1 branch of the dungeon, and saw 9 of its levels.

You collected 470 gold pieces.

Inventory:

Hand Weapons
 a - a +0 flail (weapon)
Missiles
 A - 2 curare-tipped darts (quivered)
Armour
 b - a +0 scale mail
 c - a +1 buckler (worn)
 i - the +10 plate armour of the Vacuum (worn) {Harm Fly Dex+2}
   (You found it on level 2 of the Dungeon)

   Dex:       It affects your dexterity (+2).
   Fly:       It grants you flight.
   Harm:      It increases damage dealt and taken.
 E - a +0 plate armour
Jewellery
 k - a +4 ring of slaying (left hand)
 w - a ring of magical power (right hand)
 F - a +4 ring of slaying
Wands
 s - a wand of digging (5)
 t - a wand of roots (12)
Scrolls
 f - a scroll of enchant armour
 h - 5 scrolls of teleportation
 j - 2 scrolls of fog {unknown}
 l - 3 scrolls of noise
 p - a scroll of acquirement {unknown}
 r - a scroll of fear
 u - a scroll of immolation
 v - 2 scrolls of blinking {unknown}
 x - a scroll of silence {unknown}
 y - a scroll of amnesia {unknown}
 z - a scroll of vulnerability {unknown}
 D - a scroll of magic mapping {unknown}
Potions
 d - a potion of might
 e - a potion of lignification {unknown}
 g - 2 potions of ambrosia {unknown}
 m - 6 potions of curing
 n - 2 potions of degeneration
 o - 3 potions of brilliance {unknown}
 q - 4 potions of attraction
 B - 2 potions of haste
 C - 2 potions of cancellation {unknown}


   Skills:
 + Level 6.7 Fighting
 * Level 9.1 Maces & Flails
 + Level 6.8 Armour
 - Level 5.0 Shields


You had 8 spell levels left.
You didn't know any spells.
Your spell library contained the following spells:

 Spells                   Type           Power      Damage    Failure   Level
 Anguish                  Hex/Necr       0%         N/A       100%        4
 Enfeeble                 Hex            0%         N/A       100%        7


Dungeon Overview and Level Annotations

Branches:
Dungeon (9/15)             Temple (0/1) D:4
   Lair: D:8-11         Orc: D:9-12

Annotations:
D:8 1 runed translucent door, avis's ghost, novice DgIE


Innate Abilities, Weirdness & Mutations

You have an increased reservoir of magic. (+10% MP)
You shall have no god before yourself.
Your divine heritage dramatically boosts your attributes as you level up.


Message History

The yak is heavily wounded.
The yak gores you but does no damage.
You bludgeon the yak!!
You kill the yak!
Your Maces & Flails skill increases to level 9!
You feel very mighty all of a sudden. The yak barely misses you.
You bludgeon the yak!!
The yak is severely wounded.
The yak snorts and paws the ground.
The yak gores you.
* * * LOW HITPOINT WARNING * * *
The yak snorts and paws the ground.
You barely miss the yak.
The yak is severely wounded.
The yak gores you but does no damage.
You thump the yak!
You kill the yak!
You bludgeon the yak!!
The yak is heavily wounded.
You block the yak's attack.
You thump the yak!
The yak is almost dead.
The yak completely misses you.
You hit the yak.
You kill the yak!
You hit the yak.
The yak is lightly wounded.
The yak gores you but does no damage.
You completely miss the yak.
The yak is lightly wounded.
The yak gores you!
* * * LOW HITPOINT WARNING * * *
You sock the yak!
The yak is moderately wounded.
The yak gores you but does no damage.
You sock the yak!
The yak is almost dead.
The yak gores you!
You die...

...........# #....#
...........# ######..#.#
...........# #.........#
...........####..#......#
.....................##.#
............##.##Y##....#
#####...###....#...'....#
#...#...#.######...#.#..#
#...#.#.#.##..@Y...#....#
#...'...#.##..##...#....#
#...##+##.##..######..#.#
#.........######...#...Y#
#.........######...#....#
#.........##..##...#.##.#
#.........##.......#...)#
#.........##.......'....#
#..##..##.##########†#..#


You could see a yak.

Vanquished Creatures
  2 hornets (D:8)
  A basilisk (D:9)
  2 wyverns
  5 yaks (D:9)
  2 water moccasins
  An ice beast (D:5)
  2 orc warriors
  2 sky beasts
  2 ogres (D:6)
  A centaur (D:7)
  A kobold brigand (D:8)
  A necrophage (D:4)
  A bullfrog (D:8)
  2 scorpions
  5 wights (D:7)
  6 killer bees (D:8)
  A howler monkey (D:9)
  2 orc priests (D:8)
  A hound (D:5)
  A jelly (D:4)
  5 iguanas
  3 orc wizards
  4 gnolls (D:5)
  4 adders
  5 white imps
  An ufetubus (D:7)
  A worm (D:2)
  2 dart slugs
  22 orcs
  4 endoplasms
  6 giant cockroaches
  6 goblins
  8 hobgoblins
  4 jackals (D:1)
  3 quokkas
  2 ball pythons (D:2)
  8 bats
  2 frilled lizards
  10 kobolds
  6 rats
147 creatures vanquished.

Vanquished Creatures (others)
  3 fungi (D:9)
  17 plants (D:9)
  2 withered plants (D:8)
22 creatures vanquished.

Grand Total: 169 creatures vanquished

Notes
Turn   | Place    | Note
-------+----------+-------------------------------------------
     0 | D:1      | snarfax the Demigod Fighter began the quest for the Orb.
     0 | D:1      | Reached XP level 1. HP: 18/18 MP: 3/3
   155 | D:1      | Reached skill level 2 in Maces & Flails
   231 | D:1      | Reached XP level 2. HP: 4/25 MP: 4/4
  1379 | D:2      | Reached XP level 3. HP: 21/30 MP: 5/5
  1491 | D:2      | Identified the +10 plate armour of the Vacuum {Harm Fly
                  | Dex+2}
  2019 | D:3      | Identified the +1 hand axe "Conservator" {freeze, rPois}
  2592 | D:4      | Reached XP level 4. HP: 38/38 MP: 5/6
  2680 | D:4      | Noticed a necrophage
  2684 | D:4      | Reached skill level 3 in Maces & Flails
  2694 | D:4      | Killed a necrophage
  2788 | D:4      | Reached XP level 5. HP: 44/45 MP: 7/7
  2859 | D:4      | Found a staircase to the Ecumenical Temple.
  3170 | D:5      | Entered Level 5 of the Dungeon
  3318 | D:5      | Reached skill level 4 in Maces & Flails
  3362 | D:5      | Reached XP level 6. HP: 38/52 MP: 8/8
  4065 | D:6      | Reached XP level 7. HP: 51/59 MP: 9/9
  4389 | D:6      | Reached skill level 5 in Maces & Flails
  5009 | D:7      | Reached XP level 8. HP: 44/67 MP: 10/10
  5189 | D:7      | Reached skill level 6 in Maces & Flails
  5368 | D:7      | Reached skill level 5 in Fighting
  5368 | D:7      | Reached skill level 5 in Armour
  5368 | D:7      | Reached skill level 5 in Shields
  5976 | D:8      | Noticed a hornet
  5981 | D:8      | Killed a hornet
  6049 | D:8      | Reached skill level 7 in Maces & Flails
  6247 | D:8      | Found a runed translucent door.
  6248 | D:8      | Noticed avis's ghost (novice DgIE)
  6556 | D:8      | Noticed a hornet
  6564 | D:8      | Killed a hornet
  6565 | D:8      | Reached XP level 9. HP: 75/75 MP: 11/11
  6612 | D:8      | Reached skill level 8 in Maces & Flails
  7261 | D:9      | Reached skill level 9 in Maces & Flails
  7271 | D:9      | Slain by a yak

Illustrated notes

Levels and vault maps discovered:
D:1:      lightli_iron_boxes, layout_basic,
          shapermc_ecumenical_altar_hornbeckon, minmay_liquid_box,
          minmay_pentomino_z4
D:2:      layout_basic, dk_noncrumbling_3
D:3:      layout_rooms
D:4:      layout_cave_pools, nicolae_tso_swordbearing_angel,
          minmay_temple_entry_glass
D:5:      layout_loops_ring, mainiacjoe_overflow_surrounded_room,
          mainiacjoe_overflow_concentric_impassable
D:6:      layout_gridville, okawaru_altar_gauntlet_db,
          mainiacjoe_overflow_big_doors
D:7:      layout_basic, grunt_temple_overflow_open
D:8:      layout_loops_ring, lemuel_tele_altar, amcnicky_altar_gilded,
          kiku_gazebo_pond_becter, gammafunk_ghost_grave, minmay_misc_feat_cross
D:9:      layout_stronghold, yredelemnul_altar_generic, minmay_lair_entry_grove,
          hellmonk_ghost_happy_afterlife, uniq_joseph

Skill      XL: |  1  2  3  4  5  6  7  8  9 |
---------------+----------------------------+-----
Maces & Flails | 2 3 4 5 7 9 |  9.1
Armour         | 3 4 6 |  6.8
Shields        | 3 4 5 |  5.0
Fighting       | 3 4 5 6 |  6.7

Action                   |  1- 3 |  4- 6 |  7- 9 || total
-------------------------+-------+-------+-------++-------
Melee: Flail             |   153 |    68 |   238 ||   459
Throw: Dart              |       |       |     8 ||     8
Evoke: Wand              |       |       |     1 ||     1
  Use: Scroll            |     4 |     4 |     2 ||    10
       Potion            |       |       |     1 ||     1
Armor: Scale mail        |    58 |       |       ||    58
       Plate armour      |    43 |    34 |   128 ||   205
Dodge: Dodged            |    80 |    13 |    41 ||   134
Block: Buckler           |    43 |    24 |    44 ||   111

Table legend: (Time is in decaauts)
 A = Elapsed time spent in this place.
 B = Non-inter-level travel time spent in this place.
 C = Inter-level travel time spent in this place.
 D = Time resting spent in this place.
 E = Time spent auto-exploring this place.
 F = Levels seen in this place.
 G = Mean time per level.
                   A        B        C        D        E       F      G
               +--------+--------+--------+--------+--------+-----+--------+
         Total |   7373 |   7224 |    149 |    116 |   5880 |   9 |  819.2 |
       Dungeon |   7373 |   7224 |    149 |    116 |   5880 |   9 |  819.2 |
               +--------+--------+--------+--------+--------+-----+--------+

Top non-repeatable levels by time:
     D:1: 1284 daAuts
     D:7: 1278 daAuts
     D:8: 1032 daAuts
     D:5: 885 daAuts
     D:4: 737 daAuts
     D:6: 673 daAuts
     D:2: 672 daAuts
     D:3: 541 daAuts
     D:9: 268 daAuts
